 Dungeon Crawl Stone Soup version 0.22-a0-512-g0943f25 (webtiles) character file.

196 KristoblXynda the Ruffian (level 5, -1/45 HPs)
             Began as a Troll Wizard on June 18, 2018.
             Slain by a hound skeleton (4 damage)
             ... on level 4 of the Dungeon.
             The game lasted 00:05:31 (2114 turns).

KristoblXynda the Ruffian (Troll Wizard)            Turns: 2114, Time: 00:05:31

Health: -1/45      AC:  5    Str: 15    XL:     5   Next: 45%
Magic:  9/16       EV:  9    Int: 15    God:
Gold:   108        SH:  0    Dex:  8    Spells: 4/8 levels left

rFire    . . .     SeeInvis .     - Unarmed
rCold    . . .     Gourm    +   (no shield)
rNeg     . . .     Faith    .   a - +0 robe
rPois    .         Spirit   .   b - +0 hat
rElec    .         Reflect  .   (no cloak)
rCorr    .         Harm     .   (gloves unavailable)
MR       .....     Rnd*Tele +   (boots unavailable)
Stlth    +.........             i - amulet of inaccuracy (curse)
HPRegen  0.55/turn              m - ring of magical power
MPRegen  0.15/turn              j - ring of teleportation (curse)

@: lethally poisoned (-1 -> -1)
A: large, unfitting armour, claws 3, fast metabolism 3, gourmand, regeneration
1, shaggy fur 1, tough skin 2
a: no special abilities


You were on level 4 of the Dungeon.
You were completely stuffed.

You visited 1 branch of the dungeon, and saw 4 of its levels.

You collected 108 gold pieces.

Inventory:

Armour
 a - a +0 robe (worn)
 b - a +0 hat (worn)
Jewellery
 i - a cursed amulet of inaccuracy (around neck)
 j - a cursed ring of teleportation (right claw)
 m - a ring of magical power (left claw)
Scrolls
 g - a scroll of enchant weapon
Potions
 c - a potion of flight
 e - a potion of agility {unknown}
 f - 2 potions of mutation
 h - a potion of heal wounds
 l - 4 potions of curing
Comestibles
 d - 11 rations
 k - 14 chunks of flesh


   Skills:
 - Level 1.5 Dodging
 - Level 1.0 Stealth
 + Level 3.6 Unarmed Combat
 - Level 2.0 Spellcasting
 + Level 2.8 Conjurations
   Level 0.6 Summonings
   Level 0.6 Translocations


You had 4 spell levels left.
You knew the following spells:

 Your Spells              Type           Power        Failure   Level  Hunger
a - Magic Dart            Conj           ##..         7%          1    #......
b - Mephitic Cloud        Conj/Pois/Air  #.......     41%         3    ###....

Your spell library contained the following spells:

 Spells                   Type           Power        Failure   Level  Hunger
 Conjure Flame            Conj/Fire      #.......     36%         3    ###....
 Slow                     Hex            #.......     32%         2    ###....
 Blink                    Tloc           N/A          26%         2    ###....
 Call Imp                 Summ           #.......     26%         2    ###....


Dungeon Overview and Level Annotations

Branches:
Dungeon (4/15)
 Temple: D:4-7

Altars:
Ru
The Shining One


Innate Abilities, Weirdness & Mutations

You are too large for most types of armour.
You have claws for hands.
Your metabolism is lightning-fast.
You like to eat raw meat.
Your natural rate of healing is unusually fast.
You are covered in fur. (AC +1)
You have very tough skin. (AC +2)


Message History

Aim: a hound skeleton (lightly damaged)
The magic dart hits the hound skeleton.
The hound skeleton is moderately damaged.
You feel sick.
Casting: Magic Dart (safe; 7% risk of failure)
Confirm with . or Enter, or press ? or * to list all spells.
Aiming: Magic Dart (safe; 7% risk of failure)
Press: ? - help, Shift-Dir - straight line, f/p - hound skeleton
Aim: a hound skeleton (moderately damaged)
The magic dart hits the hound skeleton.
The hound skeleton is moderately damaged.
Casting: Magic Dart (safe; 7% risk of failure)
Confirm with . or Enter, or press ? or * to list all spells.
Aiming: Magic Dart (safe; 7% risk of failure)
Press: ? - help, Shift-Dir - straight line, f/p - hound skeleton
Aim: a hound skeleton (moderately damaged)
The magic dart hits the hound skeleton.
The hound skeleton is heavily damaged.
You feel sick. The hound skeleton bites you.
You die...

#...# #...###
#%.... #....#
#....#
#######....###.
..<............
.$...(.@Z......
.####..........
####...###.
..... ...###
####


You could see a hound skeleton.

Vanquished Creatures
  A hound (D:4)
  A hound skeleton (D:4)
  3 gnolls (D:2)
  7 adders
  An adder skeleton (D:4)
  A worm (D:2)
  3 dart slugs (D:2)
  7 orcs
  2 ball pythons
  2 giant cockroaches
  2 goblins
  2 hobgoblins
  5 jackals
  2 kobolds (D:2)
  A quokka (D:2)
  4 bats
  3 frilled lizards
  A rat (D:2)
48 creatures vanquished.

Notes
Turn   | Place    | Note
-------+----------+-------------------------------------------
     0 | D:1      | KristoblXynda the Troll Wizard began the quest for the Orb.
     0 | D:1      | Reached XP level 1. HP: 16/16 MP: 2/2
   411 | D:1      | Reached skill level 1 in Conjurations
   689 | D:2      | Reached skill level 1 in Unarmed Combat
   689 | D:2      | Reached XP level 2. HP: 20/24 MP: 4/4
   758 | D:2      | Found a sacrificial altar of Ru.
   858 | D:2      | Reached XP level 3. HP: 30/31 MP: 5/5
   867 | D:2      | Learned a level 3 spell: Mephitic Cloud
   885 | D:2      | Reached skill level 2 in Unarmed Combat
   950 | D:2      | Found a glowing golden altar of the Shining One.
   978 | D:2      | Reached XP level 4. HP: 34/39 MP: 6/6
  1632 | D:3      | Reached skill level 3 in Unarmed Combat
  1916 | D:4      | Reached XP level 5. HP: 39/45 MP: 7/7
  2114 | D:4      | Slain by a hound skeleton

Vault maps used:
D:1:      minmay_arrival_four_circles
D:2:      nicolae_ru_sacrificial_ziggurat, lemuel_round_altar
D:3:      first_ration
D:4:      trog_eyes_of_draining

Skill      XL: |  1  2  3  4 |
---------------+-------------+-----
Conjurations   | 1 2 |  2.8
Unarmed Combat | 1 2 3 |  3.6
Dodging        | |  1.5
Stealth        | |  1.0
Spellcasting   | |  2.0
Summonings     | |  0.6
Translocations | |  0.6

Action                   |  1- 3 |  4- 6 || total
-------------------------+-------+-------++-------
Melee: Unarmed           |    88 |   127 ||   215
       Punch             |       |     2 ||     2
 Cast: Mephitic Cloud    |       |     1 ||     1
       Magic Dart        |       |    10 ||    10
  Use: Scroll            |       |     8 ||     8
 Stab: Sleeping          |     1 |     1 ||     2
  Eat: Chunk             |    14 |    12 ||    26
Armor: Robe              |    36 |    45 ||    81
Dodge: Dodged            |    58 |    80 ||   138

Table legend:
 A = Spawn XP
 B = Non-spawn XP
 C = Spawn XP percentage of total XP
 D = Spawn monster count
 E = Non-spawn monster count
 F = Spawn count percentage of total count
 G = Total turns spent on level
                    A         B        C        D         E        F      G
               +---------+---------+-------+---------+---------+-------+---------
         Total |       0 |     280 |   0.0 |       0 |      48 |   0.0 |  2114
               +---------+---------+-------+---------+---------+-------+---------
           D:1 |       0 |       8 |   0.0 |       0 |       5 |   0.0 |   725
           D:2 |       0 |     145 |   0.0 |       0 |      24 |   0.0 |   752
           D:3 |       0 |      10 |   0.0 |       0 |       5 |   0.0 |   363
           D:4 |       0 |     117 |   0.0 |       0 |      14 |   0.0 |   274
               +---------+---------+-------+---------+---------+-------+---------
